 Dungeon Crawl Stone Soup version 0.29-a0-577-gafbf2c5d25 (webtiles) character file.

Game seed: 1823021033407073028

326 porpoise the Poker (level 6, -1/49 HPs)
             Began as a Demonspawn Fighter on June 14, 2022.
             Was an Initiate of Yredelemnul.
             Killed from afar by a kobold (4 damage)
             ... with a puff of flame
             ... on level 4 of the Dungeon.
             The game lasted 00:09:31 (3503 turns).

porpoise the Poker (Demonspawn Fighter)             Turns: 3503, Time: 00:09:32

Health: -1/49      AC:  6    Str: 18    XL:     6   Next: 24%
Magic:  6/6        EV:  9    Int: 12    God:    Yredelemnul [......]
Gold:   138        SH:  4    Dex: 12    Spells: 5/5 levels left

rFire   + . .      SeeInvis .   a - +0 trident
rCold   . . .      Faith    .   c - +0 buckler
rNeg    . . .      Spirit   .   s - +0 scale mail {rF+}
rPois   .          Reflect  .   (no helmet)
rElec   .          Harm     .   (no cloak)
rCorr   .          Rampage  .   (no gloves)
Will    .....                   (no boots)
Stlth   ..........              (no amulet)
HPRegen 0.16/turn               (no ring)
MPRegen 0.10/turn               (no ring)

@: mighty
A: ignite blood 1, powered by pain 1, big brain 1, demonic touch 1
a: Renounce Religion, Recall Undead Harvest


You were on level 4 of the Dungeon.
You worshipped Yredelemnul.
Yredelemnul was noncommittal.
You visited 2 branches of the dungeon, and saw 5 of its levels.

You collected 138 gold pieces.

Inventory:

Hand Weapons
 a - a +0 trident (weapon)
 b - a +0 hunting sling
Missiles
 j - 9 poisoned darts (quivered)
 l - 2 silver boomerangs
Armour
 c - a +0 buckler (worn)
 s - a +0 scale mail of fire resistance (worn)
Magical Staves
 r - a staff of poison
Scrolls
 e - a scroll of enchant weapon {unknown}
 h - 2 scrolls of teleportation {unknown}
 n - a scroll of brand weapon {unknown}
 o - a scroll of fog {unknown}
 q - a scroll of identify {unknown}
Potions
 d - 3 potions of might
 f - a potion of brilliance {unknown}
 g - 2 potions of attraction {unknown}
 i - a potion of heal wounds {unknown}
 k - a potion of mutation {unknown}
 m - 3 potions of curing {unknown}
 p - a potion of degeneration {unknown}


   Skills:
 + Level 4.7 Fighting
 * Level 5.1 Polearms
 - Level 2.6 Armour
 - Level 2.6 Shields


You had 5 spell levels left.
You didn't know any spells.
Your spell library contained the following spells:

 Spells                   Type           Power      Damage    Failure   Level
 Static Discharge         Conj/Air       0%         N/A       91%         2
 Gell's Gravitas          Tloc           0%         N/A       99%         3
 Teleport Other           Tloc           0%         N/A       99%         3
 Dispel Undead            Necr           0%         3d6       100%        4
 Sticky Flame             Conj/Fire      0%         2d3       100%        4
 Fireball                 Conj/Fire      0%         3d3       100%        5
 Summon Forest            Summ/Tloc      0%         N/A       100%        5
 Summon Mana Viper        Hex/Summ       0%         N/A       100%        5
 Dispersal                Tloc           0%         N/A       100%        6
 Starburst                Conj/Fire      0%         6d3       100%        6
 Summon Cactus Giant      Summ           0%         N/A       100%        6
 Ignition                 Fire           0%         3d3       100%        8


Dungeon Overview and Level Annotations

Branches:
Dungeon (4/15)             Temple (1/1) D:4

Altars:
Cheibriados
Dithmenos
Fedhas
Gozag
Makhleb
Nemelex Xobeh
Ru
Sif Muna
Trog
Vehumet
Xom
Yredelemnul


Innate Abilities, Weirdness & Mutations

Your demonic aura sometimes causes spilled blood to erupt in flames.
You sometimes gain a little power by taking damage.
You have an unusually large brain. (Int +2)
Your touch may inflict minor irresistible damage on your foes.


Message History

The kobold hits you with a +0 whip.
The kobold hits you but does no damage. x2
A kobold comes into view.
It is wielding a +0 short sword and quivering poisoned darts.
The kobold brigand hits you but does no damage.
The kobold shouts!
You hit the kobold brigand but do no damage.
You hear a shout!
You block the kobold's attack. The kobold hits you with a +0 dagger.
The kobold zaps a wand.
The puff of flame misses you. You block the kobold brigand's attack.
You hit the kobold brigand.
The kobold brigand is lightly wounded.
The kobold hits you but does no damage. The kobold hits you with a +0 dagger.
The kobold barely misses you.
The kobold brigand hits you with a +0 dagger.
You barely miss the kobold brigand.
The kobold brigand is lightly wounded.
The kobold hits you with a +0 whip.
* * * LOW HITPOINT WARNING * * *
The kobold hits you but does no damage. x2
The kobold brigand barely misses you.
You closely miss the kobold brigand.
The kobold brigand is lightly wounded.
You block the kobold's attack. The kobold misses you.
The kobold closely misses you. You block the kobold brigand's attack.
You hit the kobold brigand but do no damage.
The kobold brigand is lightly wounded.
The kobold hits you with a +0 whip.
* * * LOW HITPOINT WARNING * * *
The kobold hits you with a +0 dagger.
* * * LOW HITPOINT WARNING * * *
The kobold hits you but does no damage.
The kobold brigand hits you with a +0 dagger!
* * * LOW HITPOINT WARNING * * *
You focus on the pain.
You feel very mighty all of a sudden.
You miss the kobold brigand.
The kobold brigand is lightly wounded.
The kobold zaps a wand.
The puff of flame hits you. You resist.
You die...
Your body rises from the dead as a mindless zombie.
K ....... ##.....#.. .. .....P ###......#..
PP.

..... #.#......'..
P.♣...♣ ####'#......#..
....###....#.....##..
♣♣..K##....#.....#...
#..KKK##...#.....#...
##K♣K♣K#...#.....#...
##K@KK##..#.....####
##♣K.♣#..#.........
♣.)♣##.#.........
##.♣####♣)♣#.#.........
........)....#.........
.............#.........
....>......).#.....⌠...
.............#.........
.............###+⌠.>)⌠.


You could see a kobold brigand and 10 kobolds.

Vanquished Creatures
  Sigmund (D:3)
  Terence (D:3)
  An iguana (D:3)
  Robin (D:3)
  3 adders
  7 endoplasms
  4 giant cockroaches
  12 hobgoblins
  4 jackals (D:1)
  2 quokkas
  5 ball pythons
  A bat (D:1)
  5 frilled lizards
  9 goblins
  11 kobolds
  4 rats
71 creatures vanquished.

Vanquished Creatures (others)
  2 kobold zombies (D:4)
  30 plants (D:4)
32 creatures vanquished.

Grand Total: 103 creatures vanquished

Notes
Turn   | Place    | Note
-------+----------+-------------------------------------------
     0 | D:1      | porpoise the Demonspawn Fighter began the quest for the
                  | Orb.
     0 | D:1      | Reached XP level 1. HP: 18/18 MP: 1/1
    73 | D:1      | Reached skill level 2 in Polearms
   225 | D:1      | Gained mutation: You have an unusually large brain. (Int
                  | +2) [demonic ancestry]
   225 | D:1      | Reached XP level 2. HP: 24/24 MP: 2/2
   428 | D:1      | You fall into a shaft and drop 1 floor!
   839 | D:2      | Reached XP level 3. HP: 25/29 MP: 3/3
  1093 | D:2      | Reached skill level 3 in Polearms
  2319 | D:3      | Noticed Sigmund
  2329 | D:3      | Killed Sigmund
  2330 | D:3      | Reached skill level 4 in Polearms
  2330 | D:3      | Gained mutation: Your touch may inflict minor irresistible
                  | damage on your foes. [demonic ancestry]
  2330 | D:3      | Reached XP level 4. HP: 23/38 MP: 4/4
  2330 | D:3      | Gained mutation: Your demonic aura sometimes causes spilled
                  | blood to erupt in flames. [demonic ancestry]
  2330 | D:3      | Reached XP level 5. HP: 26/43 MP: 5/5
  2625 | D:3      | Found a radiant altar of Vehumet.
  2735 | D:3      | Noticed Terence
  2741 | D:3      | Killed Terence
  2742 | D:3      | Gained mutation: You sometimes gain a little power by
                  | taking damage. [demonic ancestry]
  2742 | D:3      | Reached XP level 6. HP: 43/49 MP: 6/6
  2838 | D:3      | Found a faded altar of an unknown god.
  2979 | D:3      | Noticed Robin
  2986 | D:3      | Killed Robin
  2987 | D:3      | Reached skill level 5 in Polearms
  3264 | D:4      | Found a staircase to the Ecumenical Temple.
  3282 | Temple   | Entered the Ecumenical Temple
  3307 | Temple   | Became a worshipper of Yredelemnul the Dark
  3503 | D:4      | Killed from afar by a kobold

Illustrated notes

Levels and vault maps discovered:
D:1:      psy_arrival_fountain, layout_basic
D:2:      layout_basic
D:3:      layout_loops_ring, mainiacjoe_overflow_tiny_flanked,
          hellmonk_ecumenical_altar_prayer_group, minivault_25, uniq_terence,
          uniq_robin, uniq_sigmund
D:4:      kennysheep_kobold_camp, layout_gridville, overflow_temple_1_default,
          mainiacjoe_overflow_catwalk_spiral, temple_fountains, serial_shops,
          nicolae_shop_waterfront, corexii_checkpoint_a, uniq_menkaure
Temple:   nicolae_temple_x_marks_the_god

Skill      XL: |  1  2  3  4  5  6 |
---------------+-------------------+-----
Polearms       | 2 4 5 |  5.1
Fighting       | 4 |  4.7
Armour         | |  2.6
Shields        | |  2.6

Action                   |  1- 3 |  4- 6 || total
-------------------------+-------+-------++-------
Melee: Trident           |   126 |    82 ||   208
 Fire: Hunting sling     |     8 |    40 ||    48
  Use: Potion            |     1 |       ||     1
Armor: Scale mail        |    32 |    39 ||    71
Dodge: Dodged            |    41 |    33 ||    74
Block: Buckler           |    17 |    19 ||    36

Table legend: (Time is in decaauts)
 A = Elapsed time spent in this place.
 B = Non-inter-level travel time spent in this place.
 C = Inter-level travel time spent in this place.
 D = Time resting spent in this place.
 E = Time spent auto-exploring this place.
 F = Levels seen in this place.
 G = Mean time per level.
                   A        B        C        D        E       F      G
               +--------+--------+--------+--------+--------+-----+--------+
         Total |   3548 |   3338 |    210 |    496 |   2269 |   5 |  709.6 |
       Dungeon |   3504 |   3299 |    205 |    496 |   2242 |   4 |  876.0 |
        Temple |     43 |     38 |      5 |      0 |     27 |   1 |   43.0 |
               +--------+--------+--------+--------+--------+-----+--------+

Top non-repeatable levels by time:
     D:2: 1245 daAuts
     D:3: 1181 daAuts
     D:1: 880 daAuts
     D:4: 198 daAuts
  Temple: 43 daAuts
